 Dungeon Crawl Stone Soup version 0.21-a0-531-gacddea6 (webtiles) character file.

175 Amnesiac the Skirmisher (level 5, -2/32 HPs)
             Began as a Deep Elf Fighter on Dec 13, 2017.
             Killed by divine providence
             ... invoked by an orc priest
              (10 damage)
             ... on level 4 of the Dungeon.
             The game lasted 00:03:50 (3307 turns).

Amnesiac the Skirmisher (Deep Elf Fighter)          Turns: 3307, Time: 00:03:51

Health: -2/32      AC:  9    Str: 14    XL:     5   Next: 29%
Magic:  7/7        EV:  9    Int: 13    God:
Gold:   217        SH:  8    Dex: 14    Spells: 4/4 levels left

rFire    + + .     SeeInvis .   b - +0 dagger (venom)
rCold    . . .     Gourm    .   c - +0 shield
rNeg     . . .     Faith    .   g - +3 ring mail of Music {rF+}
rPois    +         Spirit   .   (no helmet)
rElec    .         Reflect  .   (no cloak)
rCorr    .         Harm     .   (no gloves)
MR       .....                  u - +0 pair of boots
Stlth    +.........             (no amulet)
HPRegen  0.10/turn              e - ring of protection from fire
MPRegen  0.10/turn              z - ring of poison resistance

@: no status effects
A: no striking features
a: no special abilities


You were on level 4 of the Dungeon.
You were not hungry.

You visited 1 branch of the dungeon, and saw 4 of its levels.

You collected 217 gold pieces.

Inventory:

Hand Weapons
 b - a +0 dagger of venom (weapon)
Missiles
 k - 20 poisoned needles
 q - 3 curare-tipped needles
 t - 19 sling bullets
 v - 2 throwing nets (quivered)
 w - 27 arrows
Armour
 c - a +0 shield (worn)
 g - the +3 ring mail of Music (worn) {rF+}
   (You found it on level 4 of the Dungeon)

   It protects you from fire.
 u - a +0 pair of boots (worn)
Jewellery
 e - a ring of protection from fire (left hand)
 z - a ring of poison resistance (right hand)
Scrolls
 h - 3 scrolls of teleportation {!r, unknown}
 j - 5 scrolls of identify {!r, unknown}
 m - 3 scrolls of magic mapping {!r, unknown}
 r - a scroll of immolation {!r, unknown}
 s - a scroll of fog {!r, unknown}
 x - a scroll of amnesia {!r, unknown}
 y - 2 scrolls of remove curse {!r, unknown}
 C - a scroll of enchant weapon {!r, unknown}
Potions
 a - a potion of degeneration {!q, unknown}
 d - 2 potions of might {!q}
 i - 2 potions of cancellation {!q, unknown}
 l - 2 potions of heal wounds {!q, unknown}
 n - a potion of magic {!q, unknown}
 o - a potion of resistance {!q, unknown}
 p - 3 potions of flight {!q, unknown}
Comestibles
 f - 5 bread rations
 A - 2 chunks of flesh
 B - a meat ration


   Skills:
 + Level 3.4 Fighting
 - Level 2.0 Short Blades
 + Level 3.4 Armour
 + Level 3.3 Dodging
 - Level 2.4 Shields


You had 4 spell levels left.
You didn't know any spells.

Dungeon Overview and Level Annotations

Branches:
Dungeon (4/15)
 Temple: D:4-7

Altars:
Ashenzari
Fedhas
Kikubaaqudgha
Uskayaw
Vehumet
Wu Jian
Yredelemnul
The Shining One


Message History

You barely miss the orc.
The orc is lightly wounded.
The orc hits you but does no damage.
You barely miss the orc.
The orc is lightly wounded.
You closely miss the orc.
The orc is moderately wounded.
The orc hits you but does no damage.
You closely miss the orc.
The orc is moderately wounded.
You block the orc's attack.
Your shield and ring mail of Music prevent you from hitting the orc.
The orc is moderately wounded.
You block the orc's attack.
You hit the orc but do no damage.
The orc looks even sicker.
The orc is moderately wounded.
The orc hits you but does no damage.
You hit the orc.
The orc looks as sick as possible!
The orc is heavily wounded.
You hit the orc but do no damage.
The orc looks as sick as possible!
The orc is heavily wounded.
You kill the orc!
You barely miss the orc. You block the orc's attack.
You hit the orc but do no damage.
The orc is poisoned.
The orc barely misses you.
You hit the orc but do no damage.
The orc looks even sicker.
The orc is moderately wounded.
The orc hits you with a falchion.
You hit the orc but do no damage.
The orc looks as sick as possible!
The orc is heavily wounded.
You kill the orc!
No target in view!
C - a scroll labeled UXZIUMNATE {!r}
Items here: )) [[ a falchion; a ring mail; a mace; a leather armour No target in view!
You see here a leopard gecko corpse.
You now have 217 gold pieces (gained 8).
An orc priest comes into view.
The orc priest shouts!
Found 6 gold pieces.
An orc priest is nearby!
You block the orc priest's attack.
An orc priest is nearby!
You hit the orc priest but do no damage.
The orc priest is poisoned.
The orc priest invokes the aid of Beogh against you.
Beogh smites you!
* * * LOW HITPOINT WARNING * * *
You are too injured to fight recklessly!
You are too injured to fight recklessly!
You are too injured to fight recklessly!
You are too injured to fight recklessly!
You are too injured to fight recklessly!
You hit the orc priest.
The orc priest is moderately wounded.
The orc priest miscasts a cantrip.
Okay, then.
You hit the orc priest but do no damage.
The orc priest looks even sicker.
The orc priest is moderately wounded.
The orc priest mumbles some strange prayers to Beogh against you.
Beogh smites you!
You die...

## ### #.. ..#
#.# ####.###
#>###......
#.........##
#..##......##
#...†.......####.
#...............$
#........@.......
#...#.....o.###..
## #.........#.#
#. #...#...###.#
#. ###.##†## .#
##.####. #.##)# #
#....... #.##.#
....###† #.##.#
## #) ..##.# #)


You could see an orc priest.

Vanquished Creatures
  A scorpion (D:4)
  2 adders
  An ooze (D:1)
  2 worms
  4 leopard geckos
  16 orcs
  A ball python (D:3)
  5 bats
  A giant cockroach (D:4)
  11 goblins
  6 hobgoblins
  12 jackals
  A kobold (D:1)
  5 frilled lizards
  8 rats
76 creatures vanquished.

Notes
Turn   | Place    | Note
-------+----------+-------------------------------------------
     0 | D:1      | Amnesiac the Deep Elf Fighter began the quest for the Orb.
     0 | D:1      | Reached XP level 1. HP: 13/13 MP: 3/3
   181 | D:1      | Reached skill level 1 in Dodging
   181 | D:1      | Reached XP level 2. HP: 15/18 MP: 4/4
   826 | D:2      | Reached XP level 3. HP: 12/22 MP: 5/5
  1352 | D:2      | Found a basalt altar of Yredelemnul.
  1904 | D:2      | HP: 1/23 [goblin (3)]
  2177 | D:3      | Reached XP level 4. HP: 25/28 MP: 6/6
  2528 | D:3      | Found a hide-covered altar of Uskayaw.
  2532 | D:3      | Found a shattered altar of Ashenzari.
  2533 | D:3      | Found an ornate altar of the Wu Jian Council.
  2534 | D:3      | Found an ancient bone altar of Kikubaaqudgha.
  2536 | D:3      | Found a glowing golden altar of the Shining One.
  2537 | D:3      | Found a radiant altar of Vehumet.
  2598 | D:3      | Found a blossoming altar of Fedhas.
  3144 | D:4      | Got a dazzling ring mail
  3155 | D:4      | Identified the +3 ring mail of Music {rF+} (You found it on level 4 of the Dungeon)
  3200 | D:4      | Reached XP level 5. HP: 26/32 MP: 7/7
  3307 | D:4      | Killed from afar by an orc priest

Vault maps used:
D:1:      dpeg_arrival_chase
D:2:      lemuel_doored_altar, minmay_misc_feat_more_columns
D:3:      minitemple, fedhas_altar_3
D:4:      kennysheep_little_box, first_bread

Skill      XL: |  1  2  3  4 |
---------------+-------------+-----
Dodging        | 1 2 3 |  3.3
Fighting       | 3 |  3.4
Armour         | 3 |  3.4
Short Blades   | |  2.0
Shields        | |  2.4

Action                   |  1- 3 |  4- 6 || total
-------------------------+-------+-------++-------
Melee: Rapier            |   175 |     2 ||   177
       Dagger            |       |   125 ||   125
  Eat: Chunk             |     4 |     4 ||     8
Armor: Scale mail        |    83 |       ||    83
       Chain mail        |       |    36 ||    36
       Ring mail         |       |     9 ||     9
Dodge: Dodged            |    53 |    14 ||    67
Block: Shield            |    66 |    41 ||   107

Table legend:
 A = Spawn XP
 B = Non-spawn XP
 C = Spawn XP percentage of total XP
 D = Spawn monster count
 E = Non-spawn monster count
 F = Spawn count percentage of total count
 G = Total turns spent on level
                    A         B        C        D         E        F      G
               +---------+---------+-------+---------+---------+-------+---------
         Total |       0 |     251 |   0.0 |       0 |      76 |   0.0 |  3307
               +---------+---------+-------+---------+---------+-------+---------
           D:1 |       0 |      29 |   0.0 |       0 |      13 |   0.0 |   763
           D:2 |       0 |      66 |   0.0 |       0 |      29 |   0.0 |  1390
           D:3 |       0 |      71 |   0.0 |       0 |      26 |   0.0 |   987
           D:4 |       0 |      85 |   0.0 |       0 |       8 |   0.0 |   167
               +---------+---------+-------+---------+---------+-------+---------
